[Event "Late-Titled-Tuesday-Blitz-September-05-2023"]
[Site "Chess.com"]
[Date "2023.09.05"]
[Round "2"]
[White "mbojan"]
[Black "jup1978"]
[Result "1/2-1/2"]
[WhiteElo "2828"]
[BlackElo "2538"]
[TimeControl "180+1"]
[EndTime "14:18:53 PDT"]
[Termination "Game drawn by repetition"]

1. Nf3 d5 2. g3 Nd7 3. Bg2 e5 4. O-O Ngf6 5. d3 Bd6 6. c3 a5 7. Qc2 O-O 8. Nbd2 c6 9. e4 Re8 10. Re1 h6 11. b3 dxe4 12. dxe4 Qe7 13. a3 Nf8 14. Bb2 Be6 15. b4 Bc7 16. Nh4 Rad8 17.
Red1 Rd7 18. Nf5 Bxf5 19. exf5 Red8 20. Nc4 Rxd1+ 21. Rxd1 Rxd1+ 22. Qxd1 axb4 23. cxb4 Qd7 24. Qxd7 N8xd7 25. Kf1 Nd5 26. Ke2 f6 27. Kd3 Kf8 28. h4 Ke7 29. Nd2 Ke8 30. h5 Ne7 31. Be4 Nb6 32.
Nb3 Na4 33. Bc1 Nc8 34. Nc5 Nxc5+ 35. bxc5 Na7 36. a4 Nc8 37. Bd2 Kd7 38. Kc4 Ne7 39. g4 Ke8 40. f3 Kd7 41. Bc2 Nd5 42. Bb3 Ke7 43. Kd3 Kd7 44. Ke4 Nf4 45. Bc4 Ke7 46. a5 Kd7 47. a6 bxa6 48. Bxa6 Bb8 49. Bc4 Bc7 50. Bb4 Bb8 51. Ba5 Bc7 52. Bc3 Bb8 53. Bb4 Bc7 54. Ba3 Bb8 55. Ke3 Bc7 56. Kd2 Ba5+ 57. Kc2 Bc7 58. Bc1 Ba5 59. Be3 Bc7 60. Kb3 Bd8 61. Ka4 Bc7 62. Ka3 Bd8 63. Kb3 Bc7 64.
Kc2 Bd8 65. Bd2 Bc7 66. Bb4 Bd8 67. Kd2 Bc7 68. Ke3 Bd8 69. Ke4 Bc7 70. Bd2 Bb8 71. Ba5 Bc7 72. Bb6 Kc8 73. Be6+ Kb7 74. Bxc7 Kxc7 75. Bc4 Kb7 76. Ke3 Kc7 77. Ke4 Kd7 78. Bb3 Kc7 79. Bc4 1/2-1/2

[Event "Late-Titled-Tuesday-Blitz-September-05-2023"]
[Site "Chess.com"]
[Date "2023.09.05"]
[Round "2"]
[White "whiteglovethief"]
[Black "BabyFacedAssasin"]
[Result "1-0"]
[WhiteElo "2510"]
[BlackElo "2316"]
[TimeControl "180+1"]
[EndTime "14:18:57 PDT"]
[Termination "whiteglovethief won by resignation"]

1. d4 d6 2. Nf3 Nd7 3. g3 e5 4. Bg2 exd4 5. Nxd4 Ngf6 6. O-O g6 7. Re1 Bg7 8. e4 O-O 9. Nc3 Re8 10. h3 c6 11.
Bf4 Ne5 12. Nf3 Nh5 13. Be3 Nxf3+ 14. Bxf3 Bxc3 15. bxc3 Nf6 16. Bg5 Bxh3 17. e5 dxe5 18. Qxd8 Raxd8 19. Bxf6 Rd2 20. Bxe5 Rxc2 21. Bf6 Be6 22.
Rab1 Rxa2 23. Rxb7 Rc8 24. Bxc6 Ra6 25. Bd7 Bxd7 26. Bd4 Be6 27. Bxa7 Rac6 28. Bd4 h6 29. Re5 Kh7 30. Ra5 g5 31. Kg2 Kg6 32. f3 Rd6 33. Kf2 Rd7 34. Rb6 Re8 35. f4 gxf4 36. gxf4 Kh7 37.
Rh5 Rd5 38. Rh4 h5 39. Rc6 Bg4 40. Be5 Re6 41. Rc7 Kg6 42. Ke3 f6 43. Ke4 Rd1 44.
Rxg4+ hxg4 45. f5+ Kg5 46. fxe6 Re1+ 47. Kd4 Rxe5 48. e7 g3 49. Rc5 g2 50. Rxe5+ fxe5+ 51. Kd5 g1=Q 52. e8=Q Qd1+ 53. Kc4 Qe2+ 54. Kb3 Kf4 55. c4 Qd3+ 56. Kb4 e4 57. Qf7+ Ke3 58. c5 Qd4+ 59. Kb5 Kd3 60. Qb3+ Qc3 61. Qxc3+ Kxc3 62. c6 e3 63. c7 e2 64. c8=Q+ Kd2 65. Qd7+ Kc2 66.
Qc6+ Kd2 67. Qd5+ Kc2 68. Qc4+ Kd2 69. Qd4+ Kc2 70. Qe3 Kd1 71. Qd3+ Ke1 72. Kc4 Kf2 73. Qf5+ Ke1 74. Kd3 Kd1 75. Qf3 Kc1 76. Qxe2 1-0

[Event "Late-Titled-Tuesday-Blitz-September-05-2023"]
[Site "Chess.com"]
[Date "2023.09.05"]
[Round "2"]
[White "MustafayevFarid2004"]
[Black "Msb2"]
[Result "1-0"]
[WhiteElo "2645"]
[BlackElo "3076"]
[TimeControl "180+1"]
[EndTime "14:19:00 PDT"]
[Termination "MustafayevFarid2004 won by checkmate"]

1. d4 d5 2. c4 e6 3. Nc3 Bb4 4. cxd5 exd5 5. Qc2 c5 6. e3 c4 7. a3 Ba5 8. Nf3 Nc6 9. g3 Nge7 10.
Bg2 Bf5 11. Qa4 Bd3 12. Ne5 Bf5 13. O-O O-O 14. Nxc6 bxc6 15. e4 Bxc3 16. bxc3 Bxe4 17. Bxe4 dxe4 18. Qxc4 Qd5 19. Qe2 Rfe8 20. Rd1 Ng6 21.
c4 Qf5 22. Be3 h5 23. h4 Rad8 24.
Rab1 Re6 25. Rb7 Red6 26. Rdb1 Nxh4 27. gxh4 Rg6+ 28. Kf1 Rg4 29. Rb8 Rxb8 30. Rxb8+ Kh7 31. Ke1 Rxh4 32. Rb7 Rh1+ 33. Kd2 Qa5+ 34. Kc2 Qxa3 35.
Rb2 Qa4+ 36. Kc3 f5 37. Ra2 Qd1 38. Qxd1 Rxd1 39. Rxa7 h4 40. Ra2 Kg6 41. Kc2 Rf1 42.
Ra6 f4 43. Rxc6+ Kf5 44. Rc5+ Kg4 45. Rc7 g5 46. c5 h3 47. Rh7 fxe3 48. fxe3 Kg3 49.
c6 h2 50. c7 Rf8 51. d5 g4 52.
d6 Rc8 53. Kd2 Kg2 54. Rxh2+ Kxh2 55. d7 Rxc7 56. d8=Q Rh7 57. Qg8 Rh4 58. Ke2 g3 59. Qg5 Rh8 60. Qg7 Rh3 61. Qe5 Kh1 62. Qxe4+ g2 63.
Kf2 Rh2 64. Qf3 Rh6 65. Qxg2# 1-0

[Event "Late-Titled-Tuesday-Blitz-September-05-2023"]
[Site "Chess.com"]
[Date "2023.09.05"]
[Round "2"]
[White "Ducke13"]
[Black "Korchmar_Vasiliy"]
[Result "1-0"]
[WhiteElo "2476"]
[BlackElo "2703"]
[TimeControl "180+1"]
[EndTime "14:19:00 PDT"]
[Termination "Ducke13 won on time"]

1. d4 d5 2. g3 Nf6 3. Nf3 Bf5 4. c4 e6 5. Nc3 c6 6. Nh4 Be4 7. f3 Bg6 8. Qb3 Qb6 9. Nxg6 hxg6 10. c5 Qxb3 11.
axb3 Nbd7 12. b4 Be7 13. b5 O-O 14. e3 e5 15. Be2 Rfe8 16. bxc6 bxc6 17. Ra6 Nb8 18.
Ra4 Nbd7 19. b4 exd4 20. exd4 Nf8 21. Kf2 Ne6 22. Be3 Reb8 23. Rha1 Bf8 24. b5 cxb5 25. Bxb5 a5 26. Rxa5 Rxa5 27. Rxa5 Bxc5 28. dxc5 d4 29. c6 dxc3 30. Ke2 Nd5 31. Ba7 Ra8 32. Kd3 Nec7 33.
Bc4 Ne7 34. Bb6 Rc8 35. Kxc3 Nxc6 36. Rc5 Ne6 37. Bxe6 fxe6 38. Kc4 Ne5+ 39. Kb5 Rxc5+ 40. Bxc5 Nxf3 41. Kc6 Kf7 42. h3 Kf6 43. Kd6 Kf5 44.
Be3 e5 45. Bf2 e4 46. Ke7 Ne5 47. Kf8 Kf6 48. Bd4 Ke6 49. Kxg7 Nc6 50. Be3 Kf5 51.
g4+ Ke6 52. Kxg6 Ne5+ 53. Kg5 Nc4 54. Kf4 Kd5 55. h4 Ne5 56. h5 Nd3+ 57. Kf5 Ne5 58. g5 Nf7 59. g6 Nd6+ 60. Kf6 Nc4 61. Bf4 1-0

[Event "Late-Titled-Tuesday-Blitz-September-05-2023"]
[Site "Chess.com"]
[Date "2023.09.05"]
[Round "2"]
[White "tylityli"]
[Black "SONOFHOLYGOD"]
[Result "0-1"]
[WhiteElo "2346"]
[BlackElo "2616"]
[TimeControl "180+1"]
[EndTime "14:19:01 PDT"]
[Termination "SONOFHOLYGOD won on time"]

1. d4 Nf6 2. c4 c5 3. d5 b5 4. Qc2 Qa5+ 5. Nd2 g6 6. e4 d6 7. Nf3 Bg7 8. h3 O-O 9. cxb5 a6 10. Qc3 Qb6 11. Nc4 Qb7 12. Na5 Qc7 13. Nc6 axb5 14.
Qc2 Nxc6 15. dxc6 Qxc6 16. e5 Nd5 17. Qb3 c4 18. Qd1 dxe5 19. Be2 Bb7 20. O-O Rfd8 21. Qc2 Nb4 22. Qb1 e4 23. Ne1 Nd3 24. Qc2 b4 25. Be3 b3 26. Qb1 Nxb2 27. axb3 Rxa1 28. Qxa1 cxb3 29.
Qa3 e6 30. Qxb3 h6 31. Nc2 Nd3 32. Nb4 Qb5 33. Rb1 Bc8 34. Nc2 Qd7 35. Nb4 Kh7 36.
Rd1 Qb5 37. Rb1 Qf5 38. Rd1 Qb5 39. Rb1 Bd7 40. Nxd3 Qxb3 41. Rxb3 exd3 42. Rxd3 Bf6 43. Rd2 Bc6 44. Rxd8 Bxd8 45. f3 f5 46. Kf2 e5 47. Bc5 Bc7 48. Bc4 g5 49. Ke2 Kg6 50.
Kf2 h5 51. Ke2 Ba5 52. Kf2 Bc3 53. Be2 Bd4+ 54. Bxd4 exd4 55. Bd3 Kf6 56. Ke2 f4 57. Bc4 Ke5 58. Kd3 Bd7 59. Bf7 Bf5+ 60. Kd2 g4 61.
Bxh5 gxh3 62. gxh3 Bxh3 63. Bf7 Bg2 64. Ke2 Bh3 65.
Bg6 Kd5 0-1

[Event "Late-Titled-Tuesday-Blitz-September-05-2023"]
[Site "Chess.com"]
[Date "2023.09.05"]
[Round "2"]
[White "Valio_M1948"]
[Black "rezamahdavi2008"]
[Result "0-1"]
[WhiteElo "2513"]
[BlackElo "2752"]
[TimeControl "180+1"]
[EndTime "14:19:02 PDT"]
[Termination "rezamahdavi2008 won on time"]

1. d4 Nf6 2. Bg5 e6 3. e4 h6 4. Bxf6 Qxf6 5. c3 d6 6. Bd3 e5 7. Ne2 g6 8. O-O Bg7 9. f4 Qe7 10. Nd2 O-O 11. Nf3 c5 12. Qd2 cxd4 13. cxd4 Bg4 14.
fxe5 dxe5 15. Nxe5 Bxe5 16. dxe5 Bxe2 17. Bxe2 Qxe5 18.
Qxh6 Nc6 19. Kh1 Qxb2 20. Bc4 Qg7 21. Qg5 Rae8 22. Bd5 Re5 23. Qg3 Re7 24. Rab1 Nd8 25. Qd6 Rfe8 26. Rf2 b6 27. Rbf1 Kh7 28. Rf3 Qe5 29.
Qxe5 Rxe5 30. Bxf7 R8e7 31. Bd5 Ne6 32. Rf7+ Ng7 33. R7f6 Nh5 34. Rd6 Kg7 35. g3 Kh6 36.
Bf7 Rg5 37. Bd5 Ng7 38. Rc6 Ne8 39. Rc8 Nc7 40. Rh8+ Kg7 41. Rg8+ Kh7 42. Rff8 Nxd5 43. Rh8+ Kg7 44. Rhg8+ Kh6 45. Rh8+ Rh7 46. Rxh7+ Kxh7 47. exd5 Rxd5 48. Rf7+ Kh6 49. Rxa7 Rd2 50. Kg1 Rb2 51. Ra4 Kg5 52. Kh1 Kf5 53. a3 b5 54. Ra5 Kg4 55. Kg1 Kh3 56. Kf1 Kxh2 57. g4 Kg3 58. Ra6 g5 59. Ke1 Kxg4 60. a4 bxa4 61. Rxa4+ Kh3 62. Kf1 g4 0-1

[Event "Late-Titled-Tuesday-Blitz-September-05-2023"]
[Site "Chess.com"]
[Date "2023.09.05"]
[Round "2"]
[White "Jahonas"]
[Black "korason34"]
[Result "0-1"]
[WhiteElo "2378"]
[BlackElo "2669"]
[TimeControl "180+1"]
[EndTime "14:19:02 PDT"]
[Termination "korason34 won by resignation"]

1. d4 d5 2. Nf3 g6 3. c3 Bg7 4.
Bf4 Nf6 5. e3 O-O 6. Bd3 c5 7.
O-O b6 8. Nbd2 Bb7 9. Re1 Nbd7 10. Ne5 Rc8 11. Ndf3 Nh5 12. Nxd7 Qxd7 13. Ne5 Qd8 14.
Be2 Nxf4 15. exf4 cxd4 16. Qxd4 e6 17. Rad1 Qe7 18. Bf1 Qc7 19. Qe3 a6 20. a4 Rfd8 21.
h4 Qc5 22. Rd4 f6 23. Nf3 Re8 24. Qd2 e5 25. fxe5 fxe5 26. Rg4 d4 27. cxd4 exd4 28. Rxe8+ Rxe8 29. Ng5 h6 30. Nh3 Qf5 31. Rf4 Qe6 32.
Qd3 Be5 33. g3 Bxf4 34. Nxf4 Qe4 35. Qc4+ Kh8 36. Bg2 Qb1+ 37. Kh2 Bxg2 38. Qxd4+ Kg8 39. Nxg2 Qf5 40. Qxb6 a5 41. Nf4 Kf7 42. Qb7+ Re7 43. Qf3 h5 44. b3 Kg7 45. Qc3+ Kh7 46. Qc6 Rf7 47. Qb5 Qxb5 48. axb5 Rb7 49. Ne6 Rxb5 50. Nd4 Rd5 51. Nc6 Rc5 52. Nd4 Kg8 53. Kg2 Kf7 54.
Kf3 Rc3+ 55. Ke4 Kf6 56. f3 Rc1 57. Ke3 Re1+ 58. Kd3 Rb1 59. Kc4 Ke5 60. g4 hxg4 61.
fxg4 Kf4 62. h5 g5 63. h6 Rh1 64. Ne6+ Kxg4 65. Ng7 Rxh6 66. Ne6 Rxe6 0-1

[Event "Late-Titled-Tuesday-Blitz-September-05-2023"]
[Site "Chess.com"]
[Date "2023.09.05"]
[Round "2"]
[White "lachesisQ"]
[Black "Orest_Vovk"]
[Result "1-0"]
[WhiteElo "3087"]
[BlackElo "2608"]
[TimeControl "180+1"]
[EndTime "14:19:05 PDT"]
[Termination "lachesisQ won on time"]

1. d4 h6 2. c4 g5 3. Nc3 Bg7 4. e3 c5 5. d5 Bxc3+ 6. bxc3 d6 7. h4 Qa5 8. Nf3 g4 9. Nd2 Nf6 10. h5 Bf5 11. Qb3 Nbd7 12. f3 O-O-O 13. e4 Bh7 14. Be2 gxf3 15. gxf3 Rhg8 16. Nf1 Nxe4 17. fxe4 Bxe4 18. Rh3 Ne5 19. Bf4 Rg2 20. Bxe5 dxe5 21. Bf3 Bxf3 22. Rxf3 f6 23. Rb1 b6 24. Rb2 Rdg8 25.
Ne3 Rxb2 26. Qxb2 Qa4 27. Qc2 Qe8 28. Qf5+ Kb8 29. Qe6 Rg1+ 30. Kf2 Qxh5 31. Kxg1 Qxf3 32. Nf1 e4 33. Qd7 Qf4 34. Qd8+ Kb7 35. Qxe7+ Ka6 36. Qe6 Qg5+ 37. Kh2 Qf4+ 38. Kg2 Qg5+ 39. Ng3 Qd2+ 40. Kh3 e3 41. d6 e2 42. Nxe2 Qd3+ 43. Ng3 f5 44.
Qc8+ Ka5 45. Qc7 Ka6 46. d7 f4 47. Qxf4 Qxd7+ 48. Kg2 Qd1 49. Ne4 Qc2+ 50. Kf3 Qxa2 51. Qf7 Qc2 52. Qe6 Qd3+ 53. Kf4 Qf1+ 54. Ke5 Qf8 55.
Qd7 Qh8+ 56. Kd5 Qa8+ 57. Ke5 Qh8+ 58. Kf4 Qf8+ 59. Ke3 Qb8 60. Nd6 b5 61. cxb5+ Ka5 62. Nc4+ Ka4 63. b6+ Kb3 64. bxa7 Qa8 65. Nb6 Qg8 66.
Qd5+ 1-0

[Event "Late-Titled-Tuesday-Blitz-September-05-2023"]
[Site "Chess.com"]
[Date "2023.09.05"]
[Round "2"]
[White "OYAcosta"]
[Black "Lady_Nika"]
[Result "0-1"]
[WhiteElo "2265"]
[BlackElo "2481"]
[TimeControl "180+1"]
[EndTime "14:19:08 PDT"]
[Termination "Lady_Nika won by checkmate"]

1. d4 d5 2. Bf4 e6 3. e3 Bd6 4.
Bg3 f5 5. Nf3 Nf6 6. Nbd2 O-O 7.
Ne5 Nbd7 8. f4 Ne4 9. Bd3 Nxe5 10. fxe5 Be7 11. Nf3 Bg5 12. Qe2 Bh6 13. O-O-O Bd7 14. Kb1 c5 15. Bxe4 fxe4 16. Nd2 cxd4 17. exd4 Qb6 18.
Nb3 Bb5 19. Qe1 a5 20. Nc5 a4 21. Qb4 Rfc8 22. Nxe6 Rxc2 23. Nc5 Rxg2 24. e6 Bg5 25. a3 Be7 26. Ka1 Qc6 27. Be5 Be2 28. Rdg1 Bxc5 29. dxc5 Rg6 30. Rxg6 hxg6 31. e7 Re8 32.
Bd6 Qd7 33. Qd4 Bc4 34. Rg1 Qf5 35. Qd1 e3 36. Qxa4 Kf7 37. Re1 e2 38. Qa5 Qc2 39.
Qc3 Qd1+ 40. Qc1 Qb3 41. Qb1 Ra8 42. c6 bxc6 43. h4 Ke8 44. h5 Kd7 45. Bc5 Ra5 46. e8=Q+ Kxe8 47. Qxg6+ Kd7 48. Qd6+ Kc8 49. Qxc6+ Kb8 50.
Bd6+ Ka7 51. Qc7+ Ka6 52. Qc6+ Qb6 53. Qa8+ Kb5 54. Qe8+ Qc6 55. Qb8+ Ka6 56. Bb4 Rb5 57. Qd8 Rxb4 58. axb4 Qa4+ 59. Kb1 Bd3+ 60. Kc1 Qc2# 0-1

[Event "Late-Titled-Tuesday-Blitz-September-05-2023"]
[Site "Chess.com"]
[Date "2023.09.05"]
[Round "2"]
[White "Andreikka"]
[Black "chessS1r"]
[Result "1-0"]
[WhiteElo "3013"]
[BlackElo "2589"]
[TimeControl "180+1"]
[EndTime "14:19:10 PDT"]
[Termination "Andreikka won on time"]

1. Nf3 d5 2. e3 Nf6 3. c4 e6 4.
b3 b6 5. Bb2 Bb7 6. cxd5 exd5 7. Nc3 Nbd7 8. Ne2 a6 9. Ng3 g6 10. h4 h5 11. Ng5 Bg7 12. d4 Qe7 13. Rc1 c5 14. Bd3 O-O 15. O-O Ng4 16. Qf3 Ndf6 17. dxc5 bxc5 18. Qf4 Rac8 19. Rfe1 Qc7 20. Ne2 Rfe8 21.
Rc2 Qxf4 22. Nxf4 Ne5 23. Be2 Ned7 24. Rec1 Ne4 25. Nxe4 Rxe4 26. Bxg7 Kxg7 27. Bf3 Re5 28. Nd3 Re6 29. Nxc5 Rec6 30. b4 a5 31. Bd1 Nxc5 32. bxc5 R6c7 33. Bf3 Kf6 34. Rb2 Ba8 35. Rb5 a4 36.
Rb6+ Rc6 37. Rb5 R6c7 38. Ra5 Bc6 39. Rd1 Ke5 40. Ra6 Ra8 41. Rb6 Ra5 42. Rc1 Bd7 43.
c6 Bc8 44. Be2 Kd6 45. Rb8 Rc5 46. Rxc5 Kxc5 47. Ra8 Kb4 48. Bd1 a3 49. Bb3 Rxc6 50. Ra4+ Kc3 51. Rxa3 Kb2 52. Ra5 Be6 53. Bxd5 Bxd5 54.
Rxd5 Kxa2 55. Rd7 Rf6 56. f4 Kb3 57. Kf2 Kc4 58. Kf3 Kc5 59. e4 Kc6 60. Ra7 Kc5 61. Ke3 Kc6 62. g3 Kb6 63. Re7 Kc5 64. e5 Rf5 65. e6 Kd6 66. Rxf7 1-0

[Event "Late-Titled-Tuesday-Blitz-September-05-2023"]
[Site "Chess.com"]
[Date "2023.09.05"]
[Round "2"]
[White "SalihEke"]
[Black "GarayevKanan"]
[Result "1-0"]
[WhiteElo "2493"]
[BlackElo "2706"]
[TimeControl "180+1"]
[EndTime "14:19:12 PDT"]
[Termination "SalihEke won by resignation"]

1. d4 d6 2. Nf3 d5 3. Bf4 e6 4. e3 Bd6 5. Bg3 Ne7 6. Nbd2 Nf5 7. Bd3 Nxg3 8. hxg3 g6 9. e4 dxe4 10. Nxe4 Be7 11. c3 Nd7 12. Qe2 Nf6 13. Rd1 Kf8 14. O-O Kg7 15. b4 b6 16. a3 Bb7 17. Rfe1 Nxe4 18. Bxe4 Bxe4 19. Qxe4 Bf6 20. Ne5 Qd5 21. Qxd5 exd5 22. Nc6 Rhe8 23. Rxe8 Rxe8 24. Nxa7 Ra8 25. Nc6 Rxa3 26. Rc1 Ra2 27. f4 Rd2 28. b5 g5 29.
Nb4 gxf4 30. gxf4 Rb2 31. Nxd5 Rxb5 32. Nxc7 Rb3 33. Nd5 Bh4 34. Kh2 Kg6 35. Kh3 Bf2 36. g3 Kf5 37. Rc2 Be1 38. Ne3+ Ke4 39. Nc4 Kd3 40.
Rc1 Kxc4 41. Rxe1 Rxc3 42. Re7 b5 43. Rxf7 b4 44. Rxh7 b3 45. Rb7 Rc2 46. f5 b2 47.
g4 Rf2 48. Kh4 Kxd4 49. Kg5 Ke4 50. Rb4+ Kd3 51. Kf6 Kc3 52. Rb8 Kc2 53. g5 b1=Q 54. Rxb1 Kxb1 55. g6 Kc2 56. g7 Rg2 57. Kf7 Kd3 58.
g8=Q Rf2 59. f6 Ke4 60. Qe8+ Kf5 61. Qe6+ Kg5 62. Ke7 Rf4 63. f7 1-0

[Event "Late-Titled-Tuesday-Blitz-September-05-2023"]
[Site "Chess.com"]
[Date "2023.09.05"]
[Round "2"]
[White "GoltsevDmitry2000"]
[Black "schachlana"]
[Result "1-0"]
[WhiteElo "2667"]
[BlackElo "2375"]
[TimeControl "180+1"]
[EndTime "14:19:15 PDT"]
[Termination "GoltsevDmitry2000 won by resignation"]

1. e4 c5 2. Nf3 e6 3. d4 cxd4 4. Nxd4 a6 5. Nc3 Qc7 6. Be2 Nf6 7. O-O Be7 8. Be3 O-O 9. f4 d6 10. Bf3 Nbd7 11. Qe2 Rb8 12. a4 Nc5 13. b4 Ncd7 14. Ra3 Nb6 15. Rb3 Nc4 16. Bf2 e5 17. fxe5 dxe5 18. Nf5 Bxf5 19. exf5 Rfd8 20. Nb1 b5 21. axb5 axb5 22. Kh1 h6 23. Be1 Rbc8 24. Rd3 Bd6 25. Nc3 Bxb4 26. Nxb5 Qc5 27. Bxb4 Qxb4 28. Na7 e4 29. Bxe4 Re8 30. Nxc8 Nxe4 31. Qf3 Ncd2 32.
c3 Qc4 33. Nd6 Nxd6 34. Rxd2 Ne4 35. Rd3 Ng5 36. Qd1 Kh7 37. f6 g6 38. Rg3 Rd8 39. Qe1 Re8 40. Qc1 Re2 41. Rgf3 Nxf3 42. Rxf3 Re4 43. Rf1 Qe2 44. Qd1 Qe3 45. Qf3 Qe1 46.
h3 Qe3 47. Qxe3 Rxe3 48. Rc1 Re6 49. c4 Rxf6 50. Kg1 Rc6 51. Kf2 Kg7 52. Ke3 Kf6 53.
Kd4 Ke6 54. Re1+ Kd7 55. c5 Rc8 56. Kd5 Ra8 57. Rf1 Ra2 58. Rxf7+ Ke8 59. Rh7 Rd2+ 60.
Kc6 Rxg2 61. Rxh6 Rc2 62. Kb6 Rh2 63. Kc7 Ke7 64. c6 Rc2 65. Rxg6 Rc3 66. Rh6 Kf7 67. h4 Kg7 68. Rd6 Rc4 69. h5 Rc5 70. h6+ Kh7 71.
Re6 Rh5 72. Kd7 Rd5+ 73. Rd6 Rc5 74. c7 1-0

[Event "Late-Titled-Tuesday-Blitz-September-05-2023"]
[Site "Chess.com"]
[Date "2023.09.05"]
[Round "2"]
[White "JacksterThePro"]
[Black "jk13"]
[Result "1-0"]
[WhiteElo "2426"]
[BlackElo "2663"]
[TimeControl "180+1"]
[EndTime "14:19:17 PDT"]
[Termination "JacksterThePro won by resignation"]

1. d4 Nf6 2. c4 e6 3. Nc3 Bb4 4. f3 c5 5. d5 b5 6. e4 d6 7. Ne2 bxc4 8. Nf4 e5 9. Ne2 Nbd7 10. Ng3 Nb6 11. Be2 O-O 12. O-O Ne8 13. f4 exf4 14.
Bxf4 h6 15. Bg4 Bxg4 16. Qxg4 Nf6 17. Qf3 Bxc3 18. bxc3 Re8 19. Rae1 Nbd7 20. Nf5 Ne5 21. Qe3 Kh7 22. h3 Ng8 23. Qg3 g6 24. Nxd6 Qxd6 25. Bxe5 Rxe5 26. Rxf7+ Kh8 27. Ref1 Rae8 28. R1f6 Qxf6 29.
Rxf6 Nxf6 30. Qxg6 Ng8 31. d6 R8e6 32. Qg3 Rxe4 33. d7 Re1+ 34. Kh2 Rd1 35. Qg4 Red6 36. Qxc4 R1d5 37. Qf4 Rxd7 38. c4 R5d6 39. Qe5+ Kh7 40. Qxc5 Rd4 41. Qf5+ Kg7 42. c5 R4d5 43. Qg4+ Kf7 44.
c6 Re7 45. Qc4 Ke6 46. c7 Rxc7 47. Qxc7 a5 48. Qc8+ Kf7 49. Qb7+ Ke6 50. Qa6+ Ke5 51. Qa8 Nf6 52. Qb8+ Ke6 53. Qb6+ Ke5 54. Qe3+ Kd6 55.
Qxh6 Rf5 56. Qd2+ Ke6 57. Qc2 Re5 58. Qb3+ Kf5 59. Qb7 Ne4 60. Qf7+ Kg5 61. g3 Nf6 62. h4+ Kf5 63. Qc7 Re2+ 64. Kg1 Re4 65. Qc5+ Re5 66. Qf2+ Ke6 67. Qb2 Ne4 68. Qb3+ Kf5 69. Kg2 Nd6 70.
Qf3+ Ke6 71. Qc6 Re4 72. h5 Re2+ 73. Kf3 Re5 74. h6 Ke7 75. Qc7+ Ke6 76. h7 Rh5 77. Qg7 Nf7 78. Qg6+ Ke7 79. Qxh5 Kf6 80. Qxf7+ 1-0

[Event "Late-Titled-Tuesday-Blitz-September-05-2023"]
[Site "Chess.com"]
[Date "2023.09.05"]
[Round "2"]
[White "schack_vit"]
[Black "MikeSailer"]
[Result "0-1"]
[WhiteElo "2419"]
[BlackElo "2180"]
[TimeControl "180+1"]
[EndTime "14:19:18 PDT"]
[Termination "MikeSailer won by resignation"]

1. c4 e6 2. g3 f5 3. Bg2 Nf6 4.
Nc3 Be7 5. Nf3 O-O 6. O-O Nc6 7.
d3 b6 8. e4 fxe4 9. dxe4 Bb7 10.
Qe2 e5 11. Rd1 h6 12. h3 Bc5 13. Be3 Bxe3 14. Qxe3 d6 15. Rd2 Qe7 16. Rf1 Rf7 17.
Nh4 Nd4 18. Nd5 Nxd5 19. cxd5 Ba6 20. Rc1 Qg5 21. f4 Qh5 22. Re1 g5 23. fxg5 hxg5 24. Nf5 Nxf5 25. exf5 g4 26. hxg4 Qxg4 27. Be4 Raf8 28.
Rh2 Rxf5 29. Bxf5 Rxf5 30. Rh4 Qg7 31. Kg2 Rg5 32. Rh3 Bc4 33. Qe4 Bxa2 34. Re3 b5 35.
Qh4 Bc4 36. Qe4 a5 37. Rc3 a4 38. Re3 Qf7 39. Qc2 Bxd5+ 40. Kh2 Qg7 41. Qf2 c6 42. Rd3 Rf5 43. Qxf5 e4 44. Qc8+ Kf7 45. Rd1 Qe5 46.
Rf1+ Kg6 47. Qe8+ Kg5 48. Qxe5+ dxe5 49. Rf4 exf4 50. gxf4+ Kxf4 51. Rc3 e3 52. Kg1 Kf3 53. Kf1 Bc4+ 54. Ke1 Ke4 55. Rc2 Kd3 56. Rh2 Ke4 57. Kd1 Kd3 58. Ke1 b4 59. Rh4 c5 60. Rh8 a3 61.
bxa3 bxa3 62. Ra8 a2 63. Ra5 e2 64. Ra7 Kc3 65. Ra5 Kb2 66. Kd2 Bb3 67. Kxe2 a1=Q 68. Rxa1 Kxa1 69. Kd2 c4 70. Kc3 Kb1 0-1

[Event "Late-Titled-Tuesday-Blitz-September-05-2023"]
[Site "Chess.com"]
[Date "2023.09.05"]
[Round "2"]
[White "chessisveryfun1264"]
[Black "CFalcons8"]
[Result "1-0"]
[WhiteElo "2507"]
[BlackElo "2311"]
[TimeControl "180+1"]
[EndTime "14:19:25 PDT"]
[Termination "chessisveryfun1264 won by resignation"]

1. c4 e6 2. e4 d5 3. cxd5 exd5 4.
exd5 Qxd5 5. Nf3 Nf6 6. d4 Nc6 7. Nc3 Bb4 8. Be2 O-O 9. O-O Qa5 10. Bg5 Nd5 11. Ne4 h6 12. Bh4 Bf5 13. Bd3 Nf4 14. Bc2 Qd5 15. Nc3 Bxc3 16. bxc3 Rfe8 17. c4 Bxc2 18.
Qxc2 Nxd4 19. cxd5 Nxc2 20. Rad1 Nb4 21. d6 cxd6 22.
Rxd6 Nxa2 23. Rd7 b5 24. Ra1 Nc3 25. Raxa7 Rxa7 26. Rxa7 b4 27. Rb7 Nd3 28. h3 Ne2+ 29. Kh2 Nec1 30. Nd4 Re4 31. Nf5 b3 32. Ne7+ Kh7 33.
Bg3 Rb4 34. Rxb4 Nxb4 35. Be5 Ncd3 36. Bc3 Na2 37. Bd4 b2 38. Bxb2 Nxb2 39. Nf5 Nc3 40.
Nd6 f6 41. f3 Nd3 42. Nc4 Nd5 43. Nd2 Ne5 44. Ne4 Kg6 45. Kg3 f5 46. Nc5 f4+ 47. Kh2 Kf5 48. Ne4 g5 49. Nd6+ Kg6 50. Ne4 Nf6 51. Nd6 h5 52. Kg1 Nc4 53. Nxc4 Nd5 54. Kf2 Kf5 55. Ke2 Nc3+ 56. Kd3 Nd1 57. Nd6+ Ke6 58. Ne4 Kf5 59. Nd6+ Kg6 60. Ke2 Ne3 61.
g4 hxg4 62. hxg4 Kf6 63. Ne4+ Kg6 64. Kd3 Ng2 65. Kd4 Ne1 66. Nd2 Ng2 67. Ke5 Nh4 68. Ke6 Kh6 69. Ke5 Ng2 70. Ke4 Nh4 71. Nc4 Kg6 72. Nd6 Ng2 73. Nf5 Nh4 74. Nxh4+ gxh4 75. Kxf4 Kh6 76. Ke3 Kg5 77. Kf2 Kf4 78. Kg2 1-0

[Event "Late-Titled-Tuesday-Blitz-September-05-2023"]
[Site "Chess.com"]
[Date "2023.09.05"]
[Round "2"]
[White "as9killer2"]
[Black "traack"]
[Result "0-1"]
[WhiteElo "2642"]
[BlackElo "2371"]
[TimeControl "180+1"]
[EndTime "14:19:38 PDT"]
[Termination "traack won by checkmate"]

1. c4 Nf6 2. Nc3 e6 3. e4 c5 4. Nf3 Nc6 5. Be2 Be7 6. O-O O-O 7. d4 cxd4 8. Nxd4 a6 9. Nxc6 bxc6 10. e5 Ne8 11.
Ne4 d5 12. exd6 Nxd6 13. Bd3 Nxe4 14. Bxe4 Qc7 15. Qh5 g6 16. Qf3 Bb7 17. b3 f5 18.
Bc2 c5 19. Qe2 Qc6 20. f3 Bf6 21. Rb1 Bd4+ 22. Kh1 e5 23. b4 cxb4 24. Rxb4 a5 25. Ba4 Qc7 26. Rb3 Ba6 27. Bb5 Bb7 28. Ba3 Rfc8 29.
c5 Bc6 30. Bc4+ Kg7 31. Rfb1 Rcb8 32. Rb6 Rxb6 33. cxb6 Qb7 34. Bd6 Re8 35. Ba6 Qd7 36. Ba3 e4 37. fxe4 Rxe4 38. Qd2 Rg4 39. Bf1 Qb7 40. Bb2 Bxb2 41. Rxb2 a4 42. Qd6 Re4 43. Qc7+ Re7 44. Qf4 Be4 45. Qd2 Re6 46. Qd4+ Kh6 47. Rb4 Rc6 48. Qe3+ Kg7 49. Rxe4 fxe4 50. Qxe4 Rxb6 51.
Qe5+ Rf6 52. h3 Qf7 53. Be2 Kg8 54. Bf3 Re6 55. Qb8+ Re8 56. Qb4 Qd7 57. Qc4+ Kg7 58. Bd5 Qd6 59. Qd4+ Qf6 60. Qc5 Re1+ 61. Kh2 Qe5+ 62.
g3 Qe2+ 63. Bg2 Qe7 64. Qc3+ Kg8 65. Bd5+ Re6 66. Qe5 Kf7 67. Qxe6+ Qxe6 68. Bxe6+ Kxe6 69. Kg2 Kd5 70. Kf3 Kc4 71. Ke3 Kc3 72. g4 Kb2 73. Kd2 Kxa2 74. Kc2 g5 75. Kc1 Kb3 76. Kb1 a3 77.
Ka1 Kc3 78. Ka2 Kd3 79. Kxa3 Ke3 80. Kb3 Kf3 81. Kc3 Kg3 82. Kd3 Kxh3 83. Ke2 Kxg4 84. Kf2 h5 85. Kg2 h4 86. Kh2 Kh5 87. Kg2 g4 88.
Kh2 Kg5 89. Kg2 Kf4 90. Kh2 h3 91. Kg1 Kg3 92. Kh1 Kh4 93. Kg1 g3 94. Kh1 Kg4 95.
Kg1 Kf3 96. Kh1 g2+ 97. Kh2 Kf2 98. Kxh3 g1=Q 99. Kh4 Kf3 100. Kh5 Kf4 101. Kh6 Kf5 102.
Kh7 Kf6 103. Kh8 Kf7 104. Kh7 Qh1# 0-1

[Event "Late-Titled-Tuesday-Blitz-September-05-2023"]
[Site "Chess.com"]
[Date "2023.09.05"]
[Round "2"]
[White "Jarming"]
[Black "GAO"]
[Result "1-0"]
[WhiteElo "2647"]
[BlackElo "2299"]
[TimeControl "180+1"]
[EndTime "14:19:56 PDT"]
[Termination "Jarming won by checkmate"]

1. e4 c5 2. Nf3 Nc6 3. g3 g6 4. Bg2 Bg7 5. O-O Nf6 6. d3 e5 7.
Nc3 O-O 8. h3 d5 9. exd5 Nxd5 10.
Bd2 Be6 11. Re1 f6 12. Ne4 b6 13. c3 Qd7 14. Kh2 Nde7 15. Bf1 Rad8 16. Qc1 Nf5 17.
b3 Nd6 18. Bh6 a5 19. Nxd6 Qxd6 20. d4 cxd4 21. cxd4 Nxd4 22. Nxd4 Qxd4 23. Be3 Qd6 24. Rd1 Qb8 25. Qc6 Bf7 26. Qxb6 Qxb6 27. Bxb6 Ra8 28.
Rd7 a4 29. b4 Rfb8 30. Bc5 Bf8 31. a3 Bxc5 32. bxc5 Rc8 33. Rc1 Be8 34. Rd6 Rc6 35. Bg2 Rxd6 36. cxd6 Rd8 37. Rd1 Kf7 38. Bd5+ Kf8 39. Bc4 Bc6 40. g4 Ke8 41. Be6 Bd7 42. Bg8 h6 43. Kg3 Bc6 44. Be6 g5 45. h4 Bd7 46.
Ba2 Bc6 47. Bb1 Kd7 48. Bf5+ Ke8 49. Rd2 Bd7 50. Bg6+ Kf8 51. f3 Be6 52. Be4 Ke8 53. Bc6+ Bd7 54. Be4 Be6 55. Kf2 Kd7 56. hxg5 hxg5 57.
Ke3 Rb8 58. Bc2 Bb3 59. Bf5+ Be6 60. Bc2 Bb3 61. Bd3 Be6 62. Kf2 Bb3 63. f4 Be6 64. fxg5 fxg5 65. Be2 Rf8+ 66. Kg3 Rf4 67. Rb2 Kxd6 68.
Rb6+ Ke7 69. Ra6 Rd4 70. Kf2 Rf4+ 71. Kg3 Rd4 72. Ra7+ Kf6 73. Bf3 Rd3 74. Kf2 Rxa3 75. Ra6 Ra2+ 76. Ke1 a3 77. Bd5 Ra1+ 78. Kf2 e4 79.
Bxe6 Kg7 80. Bd5 e3+ 81. Kxe3 Rg1 82. Bf3 Ra1 83. Bd5 Re1+ 84. Kd4 Ra1 85. Ke5 Rd1 86. Be4 Re1 87. Kf5 a2 88. Rxa2 Rf1+ 89. Kxg5 Rc1 90. Bf5 Rc7 91. Ra6 Re7 92. Rg6+ Kf8 93. Rh6 Kg7 94. Rh7+ Kf8 95. Rxe7 Kxe7 96. Kg6 Kf8 97. Kf6 Kg8 98. g5 Kf8 99. g6 Kg8 100. Be6+ Kf8 101. g7+ Ke8 102. g8=Q# 1-0